 Dungeon Crawl Stone Soup version bcrawl-1.23.1 (webtiles) character file.

Game seed: 15207413526126340809

80981 diana the Fencer (level 15, -5/111 HPs)
             Began as a Demonspawn Gladiator on May 27, 2020.
             Was the Champion of Makhleb.
             Slain by a redback (8 damage)
             ... on level 2 of the Spider Nest.
             The game lasted 00:55:17 (20402 turns).

diana the Fencer (Demonspawn Gladiator)            Turns: 20402, Time: 00:55:17

Health: -5/111     AC: 25    Str: 26    XL:     15   Next: 25%
Magic:  2/26       EV:  9    Int:  4    God:    Makhleb [******]
Gold:   595        SH: 17    Dex: 17    Spells: 14/14 levels left

rFire    + . .     SeeInvis +   V - +1 falchion of Gar Nel {drain, +Fly}
rCold    . . .     Gourm    .   Z - +1 medium shield {rN+}
rNeg     + + +     Faith    .   S - +4 plate armour {rF+}
rPois    .         Spirit   .   M - +0 helmet {SInv}
rElec    +         Reflect  .   (no cloak)
rCorr    .         Harm     .   g - +1 pair of gloves {Str+3}
MR       +++..                  (boots unavailable)
Stlth    ..........             l - amulet of regeneration
HPRegen  0.34/turn              X - ring "Vagiu" {rN++ MR+ Str+4 Int-5 SInv}
MPRegen  0.20/turn              h - ring of Ciuzakud {rElec MR+ Slay+3}

@: lethally poisoned (-5 -> -46)
A: talons 3, molten scales 2, powered by death 2, powered by pain 2
a: Minor Destruction, Lesser Servant of Makhleb, Major Destruction, Greater
Servant of Makhleb, Renounce Religion, Evoke Flight


You were on level 2 of the Spider Nest.
You worshipped Makhleb.
Makhleb was exalted by your worship.
You were very hungry.

You visited 4 branches of the dungeon, and saw 21 of its levels.
You also visited: Gauntlet and Volcano.

You collected 2301 gold pieces.
You spent 1706 gold pieces at shops.

Inventory:

Hand Weapons
 V - the +1 falchion of Gar Nel (weapon) {drain, +Fly}
   (You found it in a Gauntlet)

   A truly terrible weapon, it drains the life of those it strikes.
   It lets you fly.
Missiles
 d - 5 throwing nets {!f}
 u - 78 javelins of penetration (quivered)
Armour
 g - a +1 pair of gloves of strength (worn)
 M - a +0 helmet of see invisible (worn)
 S - a +4 plate armour of fire resistance (worn)
 Z - a +1 medium shield of positive energy (worn)
Jewellery
 h - the ring of Ciuzakud (right hand) {rElec MR+ Slay+3}
   (You bought it in a shop in the Orcish Mines)

   [ring of insulation]

   It affects your accuracy and damage with ranged weapons and melee attacks
   (+3).
   It insulates you from electricity.
   It affects your resistance to hostile enchantments.
 l - an amulet of regeneration (around neck)
 m - a +4 ring of protection
 T - an uncursed ring of poison resistance
 X - the ring "Vagiu" (left hand) {rN++ MR+ Str+4 Int-5 SInv}
   (You found it in a Gauntlet)

   [ring of protection from magic]

   It affects your strength (+4).
   It affects your intelligence (-5).
   It greatly protects you from negative energy.
   It affects your resistance to hostile enchantments.
   It lets you see invisible.
Wands
 C - a wand of acid (28)
 H - a wand of flame (121)
 P - a wand of iceblast (2)
 W - a wand of digging (10)
Scrolls
 o - 7 scrolls of immolation
 p - a scroll of noise {unknown}
 q - 14 scrolls of remove curse
 v - 7 scrolls of teleportation
 z - 3 scrolls of fog
 A - 2 scrolls of enchant armour {unknown}
 B - 2 scrolls of blinking {unknown}
 F - 5 scrolls of magic mapping
 I - a scroll of summoning {unknown}
 N - a scroll of brand weapon {unknown}
 Q - a scroll of fear {unknown}
 Y - 3 scrolls of vulnerability {unknown}
Potions
 b - a potion of brilliance
 i - 5 potions of flight
 j - 7 potions of curing
 k - 2 potions of resistance
 n - 4 potions of berserk rage
 s - 2 potions of agility
 t - 3 potions of haste
 w - 4 potions of ambrosia
 x - a potion of mutation
 D - 5 potions of might
 E - 3 potions of lignification
 G - 4 potions of degeneration
 K - a potion of heal wounds {unknown}
 L - 4 potions of magic {unknown}
 R - 3 potions of cancellation
Comestibles
 e - 35 rations {!d}


   Skills:
 - Level 8.3 Fighting
 + Level 15.3 Long Blades
 + Level 4.4 Throwing
 - Level 10.7 Armour
 - Level 8.2 Dodging
 - Level 6.0 Shields
 - Level 15.0 Invocations


You had 14 spell levels left.
You didn't know any spells.
Your spell library contained the following spells:

 Spells                   Type           Power        Failure   Level  Hunger
 Beastly Appendage        Tmut           #.....       100%        1    ##.....
 Corona                   Hex            #......      100%        1    ##.....
 Ensorcelled Hibernation  Hex/Ice        #.....       100%        2    ###....
 Sticks to Snakes         Tmut           #.......     100%        2    ###....
 Confuse                  Hex            #.......     100%        3    ####...
 Dazzling Spray           Conj/Hex       #.....       100%        3    ####...
 Spider Form              Tmut/Pois      #..          100%        3    ####...
 Tukima's Dance           Hex            #.......     100%        3    ####...
 Ice Form                 Ice/Tmut       #.......     100%        4    #####..
 Blade Hands              Tmut           #.........   100%        5    ######.


Dungeon Overview and Level Annotations

Branches:
Dungeon (12/12)            Temple (0/1) D:7            Lair (6/6) D:8
  Swamp (0/3) Lair:4       Spider (2/3) Lair:4        Slime (0/5) Lair:5
    Orc (1/1) D:11            Elf (0/3) Orc          Vaults (0/3) D:11
 Depths (0/5) D:12

Altars:
Dithmenos
Fedhas
Kikubaaqudgha
Lugonu
Makhleb
Nemelex Xobeh
Okawaru
Qazlal
Sif Muna
Uskayaw
Vehumet
Xom
Zin
Jiyva

Shops:
D:10 ?   D:12 *   Orc =*[(}

Portals:
Hell: Lair:6

Annotations:
D:3 1 runed door
Lair:1 2 transporters, dscm's ghost, novice OpAc
Lair:4 exclusion: 2 oklob plants


Innate Abilities, Weirdness & Mutations

You have claws for feet.
You are mostly covered in molten scales. (AC +3)
You regenerate health from kills.
You sometimes gain power by taking damage.


Message History

The redback is lightly wounded.
You block the redback's attack.
The redback bites you but does no damage.
The jumping spider leaps!
A redback comes into view.
A wolf spider comes into view.
You hit the redback. Your kick misses the redback.
The redback is moderately wounded.
The orb spider spins a strand of pure energy.
The redback barely misses you. You block the redback's attack.
A tarantella comes into view. x2
Okay, then.
A demon appears!
The redback bites you.
* * * LOW HITPOINT WARNING * * *
The redback bites you.
* * * LOW HITPOINT WARNING * * *
You are lethally poisoned!
The redback poisons you!
An orb spider comes into view.
The redback bites you!
You die...

## # .
# ##.s
#. #
.^s#.##
^##
.#s<.
.#^#
#.s2
....
#s.#..#
#@s..#
#..#.#
#....
##.#.s.
...#..#
..#^ s#
### #


s You could see a wolf spider, 2 orb spiders, 3 tarantellas, 3 redbacks and a
friendly blizzard demon.

Vanquished Creatures
  An orc warlord (D:11)
  A minotaur (Gauntlet)
  A fire dragon (D:12)
  An ogre mage (D:12)
  4 vault guards (D:11)
  5 hydras
  A centaur warrior (D:11)
  A hell beast (Lair:6)
  A catoblepas (Lair:4)
  6 two-headed ogres
  6 death yaks
  A queen ant (Lair:4)
  An anaconda (Lair:6)
  A tengu warrior (D:12)
  A hell hog (Volcano)
  2 orc high priests (Orc)
  A deep troll (D:11)
  A fire crab (Gauntlet)
  A cyclops (D:11)
  2 wizards
  3 orc knights (Orc)
  A wolf spider zombie (D:10)
  A lindwurm (shapeshifter) (D:12)
  A harpy (shapeshifter) (Gauntlet)
  2 deep elf magi (D:12)
  3 orc sorcerers (Orc)
  A salamander (Volcano)
  An ugly thing (D:8)
  6 centaur zombies
  6 elephants (Lair:6)
  4 black mambas
  A naga mage (D:12)
  Joseph (D:8)
  A torpor snail (Lair:4)
  A gargoyle (D:12)
  11 cane toads
  A centaur skeleton (D:11)
  3 rime drakes (Lair:6)
  8 komodo dragons
  A freezing wraith (D:10)
  A hellwing (Lair:6)
  3 ice devils (Lair:6)
  2 red devils (Lair:6)
  A tengu conjurer (D:12)
  4 trolls
  3 tyrant leeches (Lair:4)
  Grinder (D:4)
  15 dream sheep
  11 blink frogs
  6 hippogriffs
  3 slime creatures (D:10)
  A shadow (D:12)
  3 spriggans (Lair:3)
  A wyvern (shapeshifter) (D:12)
  42 yaks
  A vampire (D:12)
  8 fire bats
  2 wyverns
  5 basilisks
  6 vampire mosquitoes
  A neqoxec (Gauntlet)
  A steam dragon (Lair:3)
  Grum (D:7)
  3 hungry ghosts
  3 chaos spawn (Gauntlet)
  Edmund (D:4)
  2 wargs (D:7)
  14 soldier ants (Lair:4)
  12 crocodiles
  A swamp worm (Lair:4)
  9 water moccasins
  Duvessa (D:5)
  2 acid dragons
  11 porcupines
  7 hell hounds
  2 sky beasts
  23 orc warriors
  2 ice beasts
  3 black bears
  4 phantoms
  5 ogres
  7 wolves
  6 centaurs
  2 big kobolds
  12 bullfrogs
  Blork the orc (D:5)
  2 gnoll sergeants (D:7)
  6 scorpions
  Dowan (D:5)
  3 killer bees (D:8)
  8 wights
  8 howler monkeys
  7 electric eels
  A jelly (D:11)
  4 crimson imps
  A bullfrog zombie (D:5)
  A quasit (D:12)
  16 orc priests
  A gnoll shaman (D:7)
  12 hounds
  2 iguanas
  5 hell rats (Lair:3)
  16 orc wizards
  32 worker ants
  A killer bee zombie (D:9)
  A hound zombie (D:8)
  A hound skeleton (D:9)
  2 worker ant zombies (D:8)
  8 adders
  17 gnolls
  3 shadow imps
  A white imp (D:12)
  2 oozes
  An adder skeleton (D:4)
  7 worms
  A dart slug (D:2)
  A leopard gecko (D:3)
  54 orcs
  5 giant cockroaches
  10 goblins
  9 hobgoblins
  17 jackals
  17 kobolds
  2 quokkas
  5 bats
  A frilled lizard (D:2)
  5 rats
  A plant (Lair:6)
649 creatures vanquished.

Vanquished Creatures (collateral kills)
  A hydra (Lair:6)
  An orc high priest (Orc)
  An orc sorcerer (Orc)
  2 ugly things
  A kobold demonologist (D:12)
  A cane toad (Lair:5)
  4 blink frogs (Lair:5)
  A yak (Lair:6)
  A warg (Orc)
  2 porcupines (Lair:5)
  2 orc warriors (Orc)
  2 orc priests (Orc)
  2 orc wizards (Orc)
  9 orcs
30 creatures vanquished.

Vanquished Creatures (others)
  2 two-headed ogres (Volcano)
  4 fungi
  28 plants
34 creatures vanquished.

Grand Total: 713 creatures vanquished

Notes
Turn   | Place    | Note
-------+----------+-------------------------------------------
     0 | D:1      | diana the Demonspawn Gladiator began the quest for the Orb.
     0 | D:1      | Reached XP level 1. HP: 16/16 MP: 1/1
   303 | D:1      | Gained mutation: You regenerate a little health from kills.
                  | [demonic ancestry]
   303 | D:1      | Reached XP level 2. HP: 3/22 MP: 2/2
  1054 | D:2      | Gained mutation: You are partially covered in molten
                  | scales. (AC +2) [demonic ancestry]
  1054 | D:2      | Reached XP level 3. HP: 25/27 MP: 3/3
  1132 | D:2      | Found a stormy altar of Qazlal.
  1470 | D:2      | Found a burning altar of Makhleb.
  1472 | D:2      | Found a glowing silver altar of Zin.
  1472 | D:2      | Noticed an angel
  1472 | D:2      | Noticed a green death
  1492 | D:2      | Became a worshipper of Makhleb the Destroyer
  1542 | D:3      | Reached skill level 1 in Armour
  1542 | D:3      | Gained mutation: You have sharp toenails. [demonic
                  | ancestry]
  1542 | D:3      | Reached XP level 4. HP: 33/33 MP: 4/4
  1705 | D:3      | Noticed a crocodile
  1713 | D:3      | Killed a crocodile
  1713 | D:3      | Reached skill level 5 in Long Blades
  1713 | D:3      | Gained mutation: You sometimes gain a little power by
                  | taking damage. [demonic ancestry]
  1713 | D:3      | Reached XP level 5. HP: 23/38 MP: 5/5
  2137 | D:3      | Reached XP level 6. HP: 44/44 MP: 6/6
  2175 | D:3      | Found a hide-covered altar of Uskayaw.
  2377 | D:3      | Noticed an ice beast
  2467 | D:4      | Noticed Grinder
  2482 | D:4      | Paralysed by Grinder for 2 turns
  2507 | D:4      | Paralysed by Grinder for 2 turns
  2518 | D:4      | Paralysed by Grinder for 4 turns
  2522 | D:4      | Killed Grinder
  2522 | D:4      | Reached XP level 7. HP: 30/50 MP: 7/7
  2709 | D:3      | Reached * piety under Makhleb
  2916 | D:3      | Found a runed door.
  2982 | D:4      | Found a corrupted altar of Lugonu.
  3069 | D:4      | Found an ancient bone altar of Kikubaaqudgha.
  3096 | D:4      | Found a blossoming altar of Fedhas.
  3142 | D:4      | Found a shadowy altar of Dithmenos.
  3211 | D:4      | Noticed Edmund
  3227 | D:4      | Killed Edmund
  3611 | D:4      | Reached skill level 5 in Armour
  3634 | D:4      | Reached skill level 1 in Invocations
  3734 | D:5      | Entered Level 5 of the Dungeon
  3734 | D:5      | Noticed Duvessa
  3734 | D:5      | Noticed Dowan
  3801 | D:5      | Gained mutation: You have razor-sharp toenails. [demonic
                  | ancestry]
  3801 | D:5      | Reached XP level 8. HP: 55/57 MP: 7/9
  3912 | D:5      | Noticed Blork the orc
  4112 | D:5      | Killed Blork the orc
  4199 | D:5      | Found a sparkling altar of Nemelex Xobeh.
  4394 | D:5      | Killed Dowan
  4405 | D:5      | Killed Duvessa
  4470 | D:5      | Found an iron altar of Okawaru.
  4492 | D:5      | Found a shimmering blue altar of Sif Muna.
  4658 | D:6      | Reached ** piety under Makhleb
  4724 | D:6      | Reached skill level 5 in Invocations
  5006 | D:6      | Reached XP level 9. HP: 60/67 MP: 13/13
  5087 | D:7      | Reached skill level 5 in Fighting
  5512 | D:7      | Found a staircase to the Ecumenical Temple.
  5677 | D:7      | Noticed Grum
  5691 | D:7      | Killed Grum
  5735 | D:8      | Noticed a troll
  5746 | D:8      | Killed a troll
  5833 | D:8      | Noticed a red ugly thing
  5860 | D:8      | Killed a red ugly thing
  6114 | D:8      | Noticed Joseph
  6114 | D:8      | Paralysed by Joseph for 3 turns
  6122 | D:8      | Paralysed by Joseph for 4 turns
  6148 | D:8      | Found a staircase to the Lair.
  6176 | D:7      | Reached XP level 10. HP: 37/77 MP: 16/16
  6367 | D:8      | Reached *** piety under Makhleb
  6399 | D:8      | Paralysed by Joseph for 4 turns
  6453 | D:8      | Killed Joseph
  7206 | D:9      | Found a radiant altar of Vehumet.
  7235 | D:9      | Reached skill level 10 in Invocations
  7525 | D:10     | Entered Level 10 of the Dungeon
  7538 | D:10     | Reached skill level 10 in Long Blades
  7673 | D:10     | Found Humiad's Magic Scroll Shop.
  7680 | D:10     | Bought a scroll of magic mapping for 42 gold pieces
  7680 | D:10     | Bought a scroll of teleportation for 36 gold pieces
  7680 | D:10     | Bought a scroll of immolation for 42 gold pieces
  7721 | D:10     | Reached skill level 1 in Shields
  7736 | D:10     | Noticed a purple ugly thing
  7773 | D:10     | Killed a purple ugly thing
  7830 | D:10     | Reached XP level 11. HP: 87/87 MP: 18/18
  8060 | D:10     | Reached **** piety under Makhleb
  8468 | D:11     | Found a staircase to the Orcish Mines.
  8468 | D:11     | Noticed a centaur warrior
  8534 | D:10     | Reached skill level 5 in Dodging
  8656 | D:11     | Found a gate to the Vaults.
  8656 | D:11     | Noticed a cyclops
  8656 | D:11     | Noticed a vault guard
  8656 | D:11     | Noticed a vault guard
  8656 | D:11     | Noticed a vault guard
  8661 | D:11     | Noticed a vault guard
  8672 | D:11     | Killed a cyclops
  8672 | D:11     | Killed a vault guard
  8672 | D:11     | Killed a vault guard
  8672 | D:11     | Killed a vault guard
  8672 | D:11     | Reached skill level 5 in Shields
  8672 | D:11     | Killed a vault guard
  8672 | D:11     | Gained mutation: You sometimes gain power by taking damage.
                  | [demonic ancestry]
  8672 | D:11     | Reached XP level 12. HP: 94/94 MP: 19/19
  8738 | D:11     | Killed a centaur warrior
  9004 | D:11     | Got an ancient lapis lazuli ring
  9282 | Lair:1   | Entered Level 1 of the Lair of Beasts
  9335 | Lair:1   | Found a dark tunnel.
  9345 | Volcano  | Entered a volcano
  9408 | Volcano  | Noticed a two-headed ogre
  9410 | Volcano  | Noticed a hell hog
  9413 | Volcano  | Noticed a two-headed ogre
  9415 | Volcano  | Noticed a two-headed ogre
  9416 | Volcano  | Killed a two-headed ogre
  9429 | Volcano  | Killed a hell hog
  9471 | Volcano  | Killed a two-headed ogre
  9481 | Volcano  | Killed a two-headed ogre
  9482 | Volcano  | Killed a two-headed ogre
  9616 | Volcano  | Identified the ring of Esuip {rElec Str+3} (You found it on
                  | level 11 of the Dungeon)
  9758 | Lair:1   | Got a steaming rapier
  9876 | Lair:1   | Found a transporter.
  9880 | Lair:1   | Found the +2 ratskin cloak {+Rats rN+}
  9931 | Lair:1   | Found a transporter.
  9949 | Lair:1   | Noticed dscm's ghost (novice OpAc)
 10573 | Lair:2   | Noticed a four-headed hydra
 10595 | Lair:2   | Killed an eight-headed hydra
 11095 | Lair:3   | Reached ***** piety under Makhleb
 11114 | Lair:3   | Got a spiked leather armour
 11120 | Lair:3   | Identified the +2 leather armour of the Ten of Swords {+Fly
                  | rPois MR- Dex+8} (You found it on level 3 of the Lair of
                  | Beasts)
 11282 | Lair:3   | Gained mutation: You regenerate health from kills. [demonic
                  | ancestry]
 11282 | Lair:3   | Reached XP level 13. HP: 99/99 MP: 22/22
 12403 | Lair:4   | Found a hole to the Spider Nest.
 12910 | Lair:4   | Found a staircase to the Swamp.
 13247 | Lair:4   | Got a black opal-encrusted chain mail
 13473 | Lair:4   | Identified the +6 chain mail of Sunlight {*Corrode rElec
                  | MP+9 Dex+8} (You found it on level 4 of the Lair of Beasts)
 13931 | Orc      | Entered the Orcish Mines
 13993 | Orc      | Found Tilodghi's Gadget Shoppe.
 14026 | Orc      | Reached ****** piety under Makhleb
 14094 | Orc      | Found a staircase to the Elven Halls.
 14260 | Orc      | Noticed an orc warlord
 14853 | D:11     | Killed an orc warlord
 15120 | Orc      | Gained mutation: You are mostly covered in molten scales.
                  | (AC +3) [demonic ancestry]
 15120 | Orc      | Reached XP level 14. HP: 106/106 MP: 24/24
 15304 | Orc      | Found Kiurch's Antique Armour Boutique.
 15304 | Orc      | Found Tuymouxt's Antique Weapon Boutique.
 15305 | Orc      | Found Qioseny's General Store.
 15305 | Orc      | Found Rargho's Jewellery Shop.
 15320 | Orc      | Bought a scroll of acquirement for 676 gold pieces
 15321 | Orc      | Bought the ring of Ciuzakud {rElec MR+ Slay+3} for 587 gold
                  | pieces
 15948 | Lair:5   | Found a viscous altar of Jiyva.
 15948 | Lair:5   | Found a staircase to the Slime Pits.
 16587 | Lair:6   | Entered Level 6 of the Lair of Beasts
 16589 | Lair:6   | Found a gate leading to a gauntlet.
 16621 | Gauntlet | Entered a Gauntlet
 16621 | Gauntlet | Found a transporter.
 16716 | Gauntlet | Found a transporter.
 16718 | Gauntlet | Found a transporter.
 16725 | Gauntlet | Found a transporter.
 16740 | Gauntlet | Found a transporter.
 16745 | Gauntlet | Found a transporter.
 16766 | Gauntlet | Found a transporter.
 16779 | Gauntlet | Found a transporter.
 16791 | Gauntlet | Found a transporter.
 16803 | Gauntlet | Found a transporter.
 16803 | Gauntlet | Noticed a cacodemon
 16809 | Gauntlet | Found a transporter.
 16809 | Gauntlet | Found a transporter.
 16838 | Gauntlet | Found a transporter.
 16844 | Gauntlet | Found a transporter.
 16859 | Gauntlet | Found a transporter.
 16865 | Gauntlet | Found a transporter.
 16904 | Gauntlet | Found a transporter.
 17099 | Gauntlet | Found a transporter.
 17264 | Gauntlet | Reached skill level 15 in Invocations
 17333 | Gauntlet | Got a twisted falchion
 17335 | Gauntlet | Got a brightly glowing ivory ring
 17336 | Gauntlet | Identified the +1 falchion of Gar Nel {drain, +Fly} (You
                  | found it in a Gauntlet)
 17338 | Gauntlet | Identified the ring "Vagiu" {rN++ MR+ Str+4 Int-5 SInv}
                  | (You found it in a Gauntlet)
 17962 | Lair:6   | Reached skill level 10 in Armour
 18443 | Lair:6   | Found a large runed door.
 18444 | Lair:6   | Found a large runed door.
 18759 | Lair:6   | Found a burning altar of Makhleb.
 18820 | Lair:6   | Found a gateway to Hell.
 19129 | D:12     | Entered Level 12 of the Dungeon
 19198 | D:12     | Gained mutation: You have claws for feet. [demonic
                  | ancestry]
 19198 | D:12     | Reached XP level 15. HP: 111/111 MP: 26/26
 19209 | D:12     | Reached skill level 15 in Long Blades
 19792 | D:12     | Found a staircase to the Depths.
 19934 | D:12     | Found a shimmering altar of Xom.
 20062 | D:12     | Found Bitoc's Assorted Antiques.
 20068 | D:12     | Bought a scroll of magic mapping for 94 gold pieces
 20068 | D:12     | Bought a scroll of teleportation for 81 gold pieces
 20068 | D:12     | Bought a scroll of magic mapping for 94 gold pieces
 20068 | D:12     | Bought a scroll of identify for 54 gold pieces
 20379 | Spider:1 | Entered Level 1 of the Spider Nest
 20379 | Spider:1 | Noticed a ghost moth
 20393 | Spider:1 | HP: 5/111 [ghost moth (7)]
 20402 | Spider:2 | HP: 5/111 [redback (1)]
 20402 | Spider:2 | Slain by a redback

Skill      XL: |  1  2  3  4  5  6  7  8  9 10 11 12 13 14 15 |
---------------+----------------------------------------------+-----
Long Blades    | 3 4 5 6 7 9 10 11 12 13 14 15 | 15.3
Armour         | 1 2 4 5 8 10 | 10.7
Invocations    | 2 5 8 10 12 14 15 | 15.0
Fighting       | 4 6 8 |  8.3
Dodging        | 3 6 8 |  8.2
Shields        | 1 5 6 |  6.0
Throwing       | 2 4 |  4.4

Action                   |  1- 3 |  4- 6 |  7- 9 | 10-12 | 13-15 || total
-------------------------+-------+-------+-------+-------+-------++-------
Melee: Long sword        |   140 |   113 |   515 |   972 |  1276 ||  3016
       Kick              |       |    36 |   193 |   425 |   929 ||  1583
       Falchion          |       |       |       |       |   590 ||   590
Throw: Throwing net      |       |     1 |     3 |       |       ||     4
Invok: Lesser Servant of |       |       |       |     6 |     7 ||    13
       Major Destruction |       |       |       |     1 |     4 ||     5
       Greater Servant o |       |       |       |       |     6 ||     6
Evoke: Wand              |       |       |       |     8 |     5 ||    13
  Use: Scroll            |       |       |     4 |    11 |     8 ||    23
       Potion            |       |       |       |     1 |     4 ||     5
  Eat: Chunk             |     2 |     3 |    13 |    18 |    27 ||    63
       Ration            |       |       |       |       |     2 ||     2
Armor: Chain mail        |    96 |    75 |    87 |       |       ||   258
       Leather armour    |     3 |       |       |       |       ||     3
       Plate armour      |       |       |   291 |   190 |   846 ||  1327
       Ring mail         |       |       |       |   267 |       ||   267
Dodge: Dodged            |    72 |    41 |   155 |   386 |   608 ||  1262
Block: Other             |     2 |     4 |    40 |       |       ||    46
       Buckler           |       |       |    17 |   448 |   616 ||  1081
       Medium shield     |       |       |       |       |   433 ||   433
